 Dungeon Crawl Stone Soup version 0.30-a0-652-gcc886f7154 (webtiles) character file.

Game seed: 7928889723750640558

337 NinjaNoafa the Ducker (level 6, -1/49 HPs)
             Began as a Merfolk Gladiator on Jan 17, 2023.
             Killed by divine providence
             ... invoked by an orc priest
              (12 damage)
             ... on level 3 of the Dungeon.
             The game lasted 00:04:48 (2315 turns).

NinjaNoafa the Ducker (Merfolk Gladiator)           Turns: 2315, Time: 00:04:48

Health: -1/49      AC:  4    Str: 15    XL:     6   Next: 54%
Magic:  6/6        EV: 14    Int:  7    God:
Gold:   171        SH:  4    Dex: 17    Spells: 5/5 levels left

rFire   . . .      SeeInvis .    b - +2 dagger (venom)
rCold   . . .      Faith    .    t - +0 buckler
rNeg    . . .      Spirit   .    l - +0 leather armour
rPois   .          Reflect  .    c - +0 helmet
rElec   .          Harm     .    (no cloak)
rCorr   .          Rampage  .    (no gloves)
Will    .....                    (no boots)
Stlth   +                        (no amulet)
HPRegen 0.28/turn                (no ring)
MPRegen 0.10/turn                (no ring)

@: no status effects
A: (nimble swimmer 2), mertail
a: no special abilities


You were on level 3 of the Dungeon.
You visited 1 branch of the dungeon, and saw 3 of its levels.

You collected 171 gold pieces.

Inventory:

Hand Weapons
 a - a +0 rapier
 b - a +2 dagger of venom (weapon)
Missiles
 r - a throwing net (quivered)
Armour
 c - a +0 helmet (worn)
 l - a +0 leather armour (worn)
 t - a +0 buckler (worn)
Jewellery
 i - a ring of fire
Scrolls
 f - a scroll of brand weapon {unknown}
 g - 3 scrolls of poison {unknown}
 h - a scroll of blinking {unknown}
 o - a scroll of summoning {unknown}
 p - 2 scrolls of identify {unknown}
 q - 4 scrolls of teleportation {unknown}
 s - a scroll of vulnerability {unknown}
 u - a scroll of enchant armour {unknown}
Potions
 d - a potion of heal wounds {unknown}
 e - a potion of attraction {unknown}
 j - a potion of cancellation {unknown}
 k - a potion of magic {unknown}
 m - 2 potions of brilliance {unknown}
 n - 2 potions of flight {unknown}


   Skills:
 - Level 4.4 Fighting
 + Level 5.9 Short Blades
 - Level 2.0 Throwing
 - Level 6.2 Dodging


You had 5 spell levels left.
You didn't know any spells.
Your spell library contained the following spells:

 Spells                   Type           Power      Damage    Failure   Level
 Kiss of Death            Conj/Necr      0%         2d5       63%         1
 Necrotise                Necr           0%         1d4       63%         1
 Confusing Touch          Hex            0%         N/A       94%         3
 Vampiric Draining        Necr           0%         2d6       94%         3
 Dispel Undead            Necr           0%         3d6       100%        4
 Agony                    Necr           0%         N/A       100%        5


Dungeon Overview and Level Annotations

Branches:
Dungeon (3/15)

Altars:
Gozag
Wu Jian


Innate Abilities, Weirdness & Mutations

((You are very nimble when in or above water. (Stealth+, EV+, Speed+++)))
Your lower body shifts to a powerful aquatic tail in water.


Message History

You open the door.
An orc comes into view. It is wielding a +0 dagger.
The orc shouts!
There is an open door here.
An orc is nearby!
An orc is nearby!
An orc is nearby!
An orc and 2 orc priests come into view.
The orc priest shouts!
An orc comes into view. It is wielding a +0 flail.
The orc misses you.
The orc priest calls down the wrath of Beogh upon you.
Beogh smites you!
The orc shouts!
You hit the orc.
The orc is heavily wounded.
The orc priest looks braver for a moment.
The orc barely misses you.
The orc priest hits you but does no damage.
The orc priest completely misses you. The orc hits you with a +0 dagger.
You hit the orc priest.
The orc priest is poisoned.
The orc priest is moderately wounded.
The orc priest invokes the aid of Beogh against you.
Beogh smites you! The orc hits you but does no damage.
The orc priest invokes the aid of Beogh against you.
Beogh smites you!
* * * LOW HITPOINT WARNING * * *
Okay, then.
You barely miss the orc priest.
The orc priest calls upon Beogh to heal the orc.
The orc's wounds heal themselves!
The orc closely misses you. The orc barely misses you.
You block the orc priest's attack.
You hit the orc priest.
The orc priest is poisoned.
The orc priest is moderately wounded.
The orc priest attacks as you move away!
The orc priest hits you with a +0 falchion.
* * * LOW HITPOINT WARNING * * *
The orc priest mumbles some strange prayers to Beogh against you.
Beogh smites you!
You die...

#### ... # #.. # #.# .
#.############
####..##.........
#.o....'........# #
####oo....#........# #
#.....oo@..#..###########
+........................
#..............##########
#####.............#
#..........##.#
#############.#######
#........ ##.......
#.......


You could see 2 orc priests and 3 orcs.

Vanquished Creatures
  Sigmund (D:2)
  2 adders (D:2)
  8 gnolls
  An ufetubus (D:3)
  A worm (D:2)
  A dart slug (D:1)
  2 orcs (D:3)
  11 endoplasms
  A giant cockroach (D:1)
  6 goblins
  7 hobgoblins
  4 jackals (D:2)
  6 kobolds
  5 quokkas
  7 ball pythons
  3 bats (D:2)
  A frilled lizard (D:1)
  12 rats
79 creatures vanquished.

Vanquished Creatures (others)
  A plant (D:1)
1 creature vanquished.

Grand Total: 80 creatures vanquished

Notes
Turn   | Place    | Note
-------+----------+-------------------------------------------
     0 | D:1      | NinjaNoafa the Merfolk Gladiator began the quest for the
                  | Orb.
     0 | D:1      | Reached XP level 1. HP: 16/16 MP: 1/1
   156 | D:1      | Reached XP level 2. HP: 19/23 MP: 2/2
   639 | D:1      | Reached XP level 3. HP: 28/28 MP: 3/3
   942 | D:2      | Found a faded altar of an unknown god.
   992 | D:2      | Reached XP level 4. HP: 18/35 MP: 4/4
  1157 | D:2      | Found an opulent altar of Gozag.
  1201 | D:2      | Reached skill level 5 in Dodging
  1227 | D:2      | HP: 1/35 [bat (1)]
  1384 | D:2      | Noticed Sigmund
  1391 | D:2      | Killed Sigmund
  1392 | D:2      | Reached skill level 5 in Short Blades
  1392 | D:2      | Reached skill level 6 in Dodging
  1392 | D:2      | Reached XP level 5. HP: 40/42 MP: 5/5
  1392 | D:2      | Reached XP level 6. HP: 46/48 MP: 6/6
  2249 | D:3      | Found an ornate altar of the Wu Jian Council.
  2315 | D:3      | Killed from afar by an orc priest

Illustrated notes

Levels and vault maps discovered:
D:1:      dpeg_arrival_fog, layout_loops_ring, serial_forest,
          infiniplex_forest_clump_long, infiniplex_forest_end_double,
          infiniplex_forest_zigzag_1, infiniplex_forest_end_3
D:2:      layout_rooms, shapermc_ecumenical_altar_starsandcircs, basic_altar,
          uniq_sigmund
D:3:      layout_basic, old_standard_altar, mainiacjoe_overflow_small_starburst,
          nicolae_overflow_hidden_temple, minivault_26, dk_vineyard_2,
          minmay_vboxes

Skill      XL: |  1  2  3  4 |
---------------+-------------+-----
Short Blades   | 4 5 |  5.9
Fighting       | 3 4 |  4.4
Dodging        | 6 |  6.2
Throwing       | |  2.0

Action                   |  1- 3 |  4- 6 || total
-------------------------+-------+-------++-------
Melee: Rapier            |    68 |       ||    68
       Punch             |     4 |     1 ||     5
       Dagger            |    55 |   133 ||   188
Throw: Javelin           |     2 |       ||     2
       Throwing net      |       |     4 ||     4
 Stab: Sleeping          |     4 |       ||     4
       Held in net/web   |       |     3 ||     3
Armor: Leather armour    |    21 |    27 ||    48
Dodge: Dodged            |    76 |    78 ||   154
Block: Buckler           |       |     6 ||     6

Table legend: (Time is in decaauts)
 A = Elapsed time spent in this place.
 B = Non-inter-level travel time spent in this place.
 C = Inter-level travel time spent in this place.
 D = Time resting spent in this place.
 E = Time spent auto-exploring this place.
 F = Levels seen in this place.
 G = Mean time per level.
                   A        B        C        D        E       F      G
               +--------+--------+--------+--------+--------+-----+--------+
         Total |   2267 |   2149 |    118 |      0 |   1588 |   3 |  755.7 |
       Dungeon |   2267 |   2149 |    118 |      0 |   1588 |   3 |  755.7 |
               +--------+--------+--------+--------+--------+-----+--------+

Top non-repeatable levels by time:
     D:1: 1070 daAuts
     D:2: 832 daAuts
     D:3: 364 daAuts
